 Dungeon Crawl Stone Soup version 0.16-a0-3761-g2321f2b (webtiles) character file.

10907 BluebellGnoll the Cleaver (level 11, -7/100 HPs)
             Began as a Deep Dwarf Gladiator on Jan 24, 2015.
             Was a Priest of Elyvilon.
             Mangled by an ice devil (12 damage)
             ... in an ice cave.
             The game lasted 01:13:47 (10611 turns).

BluebellGnoll the Cleaver (Deep Dwarf Gladiator)   Turns: 10611, Time: 01:13:47

Health: -7/100     AC: 16    Str: 21    XL:     11   Next: 42%
Magic:  12/20      EV:  4    Int:  9    God:    Elyvilon [***...]
Gold:   468        SH: 20    Dex: 14    Spells: 0 memorised, 10 levels left

rFire  . . .     SeeInvis .     y - +1 broad axe (chop)
rCold  + . .     Clarity  .     D - +0 plate armour
rNeg   . . .     SustAb   .     v - +3 large shield
rPois  .         Gourm    .     c - +0 helmet
rElec  .         Spirit   .     a - +0 cloak
rCorr  .         Warding  .     B - +0 pair of gloves
rMut   .         Stasis   .     (no boots)
MR     +....                    (no amulet)
Stlth  ..........               (no ring)
                                m - ring of protection from cold

@: non-regenerating, somewhat resistant to hostile enchantments, extremely
unstealthy
A: damage resistance, recharge devices, sense surroundings 2, slow healing 3
a: Device Recharging, Lesser Healing, Lesser Self-Healing, Divine Protection,
Purification, Greater Healing, Greater Self-Healing, Renounce Religion


You were in an ice cave.
You worshipped Elyvilon.
Elyvilon was most pleased with you.
You were not hungry.

You visited 3 branches of the dungeon, and saw 14 of its levels.
You also visited: Ice Cave.

You collected 468 gold pieces.

Inventory:

Hand weapons
 g - a +0 quick blade of freezing
 y - a +1 broad axe of chopping (weapon)
Missiles
 d - 3 throwing nets
 t - 12 tomahawks (quivered)
Armour
 a - a +0 cloak (worn)
 c - a +0 helmet (worn)
 v - a +3 large shield (worn)
 B - a +0 pair of gloves (worn)
 D - a +0 plate armour (worn)
Jewellery
 m - a ring of protection from cold (left hand)
 H - an uncursed ring of teleportation
Magical devices
 e - a wand of heal wounds (4)
Scrolls
 j - 5 scrolls of remove curse
 k - 2 scrolls of immolation
 o - 2 scrolls of magic mapping
 A - a scroll of enchant armour
 C - a scroll of teleportation
 F - 3 scrolls of identify
Potions
 b - 2 potions of mutation
 h - 3 potions of heal wounds
 n - a potion of ambrosia
 p - 3 potions of flight
 q - 4 potions of curing
 r - 2 potions of cancellation
 u - a potion of berserk rage
 w - 3 potions of haste
 x - 2 potions of invisibility
Miscellaneous
 G - a fan of gales (inert)
Comestibles
 f - 9 bread rations
 z - 2 meat rations
 L - 2 fruits


   Skills:
 - Level 7.0 Fighting
 - Level 10.9 Axes
 - Level 1.7 Throwing
 + Level 6.6 Armour
 - Level 3.2 Dodging
 - Level 9.2 Shields
 - Level 10.2 Invocations
 - Level 5.2 Evocations


You had 10 spell levels left.
You didn't know any spells.

Dungeon Overview and Level Annotations

Branches:
Dungeon (11/15)            Temple (1/1) D:6            Lair (2/8) D:10
    Orc: D:9-12

Altars:
Cheibriados
Elyvilon
Fedhas
Qazlal
Vehumet
Zin
The Shining One

Shops:
D:4 =   D:7 (}%:%

Annotations:
D:9 runed door


Innate Abilities, Weirdness & Mutations

You are resistant to damage.
You can recharge devices by infusing magical energy.
You passively map the area around you.
You do not heal naturally.


Message History

Unknown command.
You are too injured to fight recklessly!
Unknown command.
You slash the ice devil!
The ice devil is heavily wounded.
You hit the ice devil.
The ice devil is almost dead.
The ice devil hits you!
* * * LOW HITPOINT WARNING * * *
The ice devil freezes you. You resist.
* * * LOW HITPOINT WARNING * * *
You block the ice devil's attack.
You hit the ice devil but do no damage.
The ice devil is moderately wounded.
You completely miss the ice devil.
The ice devil is severely wounded.
You block the ice devil's attack. The ice devil hits you!
* * * LOW HITPOINT WARNING * * *
The ice devil freezes you! You resist.
You die...

, , * , * , ,, , , ,
, * , # , , ** §§. ,
,, *,§§§§. * *
*#§§§§§, **≈≈ ###..§#
* ## ##.3.# ≈ ####.
##.@3###########..§§
##...##)..##.........
#..###............#.#
#...##.....##..######
##..####....##...#
###...###.###...#
##....###....##
###........##
###....###


You could see 2 ice devils.

Vanquished Creatures
  The ghost of megamayne420 the Cleaver, an experienced DrBe of Trog (D:10)
  2 ice statues (IceCv)
  3 blue devils (IceCv)
  A fire drake (D:10)
  Grinder (D:3)
  A trapdoor spider (D:9)
  The ghost of Fv001 the Chucker, an average GrHu of Okawaru (D:4)
  Eustachio (D:7)
  Grum (D:8)
  A deep elf mage (D:10)
  A wraith (D:10)
  5 yaks (D:10)
  A hippogriff (Lair:2)
  A water moccasin (Lair:1)
  Menkaure (D:7)
  An orc warrior (D:10)
  A wasp (D:10)
  4 centaurs
  6 ogres
  2 phantoms (D:4)
  A black bear (D:10)
  Sigmund (D:3)
  Duvessa (D:7)
  3 big kobolds
  4 giant frogs
  A wyvern zombie (D:9)
  A wyvern skeleton (D:7)
  6 killer bees
  2 jellies
  10 wights
  An electric eel (D:10)
  A troll skeleton (D:9)
  A spriggan skeleton (D:9)
  2 crimson imps (D:5)
  3 quasits
  2 hounds (Lair:1)
  Dowan (D:7)
  3 goliath beetles
  4 centaur skeletons
  An orc priest (D:3)
  An iron imp (D:6)
  7 worker ants
  2 hound skeletons
  2 gnolls (D:5)
  6 river rats
  A shadow imp (D:9)
  6 adders
  A giant mite (D:5)
  6 white imps
  2 worms
  2 adder zombies
  7 giant geckos
  10 orcs
  A ball python (D:4)
  12 bats
  A bat zombie (D:5)
  4 giant cockroaches
  3 goblins
  12 hobgoblins
  2 jackals
  2 quokkas
  A giant gecko zombie (D:5)
  3 giant newts
  A goblin skeleton (D:6)
  2 hobgoblin zombies (D:6)
  13 kobolds
  A kobold skeleton (D:6)
  4 kobold zombies (D:6)
  An orc skeleton (D:6)
  2 orc zombies (D:6)
  A quokka zombie (D:7)
  12 rats
216 creatures vanquished.

Vanquished Creatures (others)
  An air elemental (IceCv)
  2 yaks (D:11)
  A wolf (D:8)
  A giant frog (D:10)
  2 orc wizards
  An orc priest (D:10)
  An iguana (D:9)
  2 gnolls (D:5)
  10 white imps
  3 ufetubi (IceCv)
  5 orcs
  2 hobgoblins
  A quokka (D:9)
  A bat (D:9)
  5 kobolds
  3 rats
41 creatures vanquished.

Grand Total: 257 creatures vanquished

Notes
Turn   | Place    | Note
--------------------------------------------------------------
     0 | D:1      | BluebellGnoll, the Deep Dwarf Gladiator, began the quest for the Orb.
     0 | D:1      | Reached XP level 1. HP: 19/19 MP: 1/1
   222 | D:1      | Reached XP level 2. HP: 24/26 MP: 2/2
   250 | D:1      | Reached skill level 4 in Axes
  1082 | D:2      | Reached XP level 3. HP: 25/32 MP: 3/3
  1257 | D:2      | Found a white marble altar of Elyvilon.
  1263 | D:2      | Became a worshipper of Elyvilon the Healer
  1683 | D:3      | Noticed Grinder
  1778 | D:3      | Paralysed by Grinder for 7 turns
  1805 | D:3      | Killed Grinder
  1805 | D:3      | Reached skill level 6 in Invocations
  1805 | D:3      | Reached XP level 4. HP: 30/39 MP: 3/9
  1805 | D:3      | Reached XP level 5. HP: 34/45 MP: 3/11
  1817 | D:3      | Reached XP level 6. HP: 38/52 MP: 4/14
  1946 | D:3      | Noticed Sigmund
  2091 | D:3      | Killed Sigmund
  2091 | D:3      | Reached skill level 1 in Armour
  2229 | D:3      | Acquired Elyvilon's first power
  2673 | D:4      | Noticed Fv001's ghost (average GrHu)
  2683 | D:4      | Killed Fv001's ghost
  2683 | D:4      | Reached XP level 7. HP: 37/62 MP: 14/16
  2913 | D:4      | Reached skill level 7 in Invocations
  2947 | D:4      | Found Laeliapn's Jewellery Shop.
  3021 | D:4      | Reached skill level 8 in Invocations
  3229 | D:5      | Entered Level 5 of the Dungeon
  3281 | D:5      | Reached skill level 5 in Axes
  3454 | D:5      | Reached XP level 8. HP: 23/69 MP: 13/19
  3522 | D:5      | Found a stormy altar of Qazlal.
  4295 | D:6      | Found a radiant altar of Vehumet.
  4318 | D:6      | Found a staircase to the Ecumenical Temple.
  4326 | Temple   | Entered the Ecumenical Temple
  4335 | D:6      | Acquired Elyvilon's second power
  4444 | D:6      | Found a glowing golden altar of the Shining One.
  4488 | D:6      | Found a glowing silver altar of Zin.
  5034 | D:7      | Found Zinaif's Book Emporium.
  5034 | D:7      | Noticed Duvessa
  5034 | D:7      | Noticed Dowan
  5057 | D:7      | Found Mamena's Food Shoppe.
  5057 | D:7      | Found Imiwkutt's Gadget Boutique.
  5105 | D:7      | Reached skill level 5 in Fighting
  5133 | D:7      | Reached skill level 1 in Shields
  5238 | D:7      | Found Owauruor's Weapon Boutique.
  5354 | D:7      | Gained mutation: You passively map the area around you. [level up]
  5354 | D:7      | Reached XP level 9. HP: 41/81 MP: 17/19
  5398 | D:7      | Killed Dowan
  5419 | D:7      | Killed Duvessa
  5530 | D:6      | HP: 4/81 [acid (5)]
  5849 | D:7      | Reached skill level 5 in Shields
  5935 | D:7      | Noticed Eustachio
  5984 | D:7      | Killed Eustachio
  5991 | D:7      | Found Dyubay's Food Emporium.
  6024 | D:7      | Noticed Menkaure
  6057 | D:7      | Killed Menkaure
  6364 | D:8      | Noticed Grum
  6368 | D:8      | Acquired Elyvilon's third power
  6387 | D:8      | Killed Grum
  6597 | D:8      | Reached skill level 9 in Shields
  7118 | D:9      | Reached XP level 10. HP: 52/88 MP: 18/18
  7193 | D:9      | Found a blossoming altar of Fedhas.
  7319 | D:9      | Found a runed door.
  7407 | D:9      | Found a snail-covered altar of Cheibriados.
  7438 | D:9      | Got a scorched shield
  7449 | D:9      | Identified the cursed -5 shield "Zegucil" {rN+ Str+7 Stlth-} (You found it on level 9 of the Dungeon)
  7915 | D:9      | Found a runed door.
  8195 | D:10     | Entered Level 10 of the Dungeon
  8282 | D:10     | Reached skill level 10 in Axes
  8342 | D:10     | Noticed megamayne420's ghost (experienced DrBe)
  8353 | D:10     | Killed megamayne420's ghost
  8551 | D:10     | Found a staircase to the Lair.
  8805 | D:10     | Reached skill level 10 in Invocations
  8805 | D:10     | Reached XP level 11. HP: 62/100 MP: 17/20
  9015 | D:10     | Reached skill level 1 in Evocations
  9515 | D:11     | Noticed an eight-headed hydra
  9556 | Lair:1   | Entered Level 1 of the Lair of Beasts
  9739 | Lair:1   | Reached skill level 5 in Evocations
  9791 | Lair:1   | Got a fine buckler
  9792 | Lair:1   | Identified the +3 buckler "Kiwew" {rPois+ Str-4 Dex+4} (You found it on level 1 of the Lair of Beasts)
 10221 | Lair:2   | Found a frozen archway.
 10256 | IceCv    | Entered an ice cave
 10400 | IceCv    | Noticed an ice statue
 10400 | IceCv    | Noticed an ice statue
 10415 | IceCv    | Killed an ice statue
 10449 | IceCv    | Killed an ice statue
 10449 | IceCv    | Reached skill level 5 in Armour
 10593 | IceCv    | Noticed an ice devil
 10594 | IceCv    | Noticed an ice devil
 10611 | IceCv    | HP: 5/100 [ice devil (6)]
 10611 | IceCv    | Mangled by an ice devil

Action                   |  1- 3 |  4- 6 |  7- 9 | 10-12 || total
-------------------------+-------+-------+-------+-------++-------
Melee: War axe           |   102 |    89 |    46 |       ||   237
       Spear             |       |    12 |    46 |       ||    58
       Broad axe         |       |       |   288 |   385 ||   673
 Fire: Blowgun           |       |       |    17 |     8 ||    25
Throw: Tomahawk          |     7 |     1 |    25 |     4 ||    37
       Throwing net      |     2 |       |       |       ||     2
Invok: Lesser Healing    |       |     8 |   157 |   112 ||   277
       Lesser Self-Heali |       |     2 |       |     5 ||     7
       Greater Healing   |       |       |       |    22 ||    22
 Abil: Device Recharging |       |       |     3 |     2 ||     5
Evoke: Wand              |     1 |       |    12 |    11 ||    24
       Fan of gales (ine |       |       |       |     1 ||     1
  Use: Scroll            |     5 |     2 |    24 |     4 ||    35
       Potion            |     1 |     3 |     2 |     6 ||    12
 Stab: Held in net/web   |     1 |       |       |       ||     1
       Distracted        |       |       |     1 |       ||     1
  Eat: Chunk             |     3 |     4 |    36 |    24 ||    67
       Fruit             |       |       |     2 |     3 ||     5
       Beef jerky        |       |       |     1 |       ||     1
       Meat ration       |       |       |       |     2 ||     2
       Pizza             |       |       |       |     1 ||     1
